 Dungeon Crawl Stone Soup version 0.22-a0-609-gfedc9ff (webtiles) character file.

428 HungryMoth the Charmwright (level 6, 0/44 HPs)
             Began as a Merfolk Skald on July 10, 2018.
             Slain by Pikel
             ... wielding a +0 whip of freezing
              (3 damage)
             ... on level 3 of the Dungeon.
             The game lasted 00:30:15 (5658 turns).

HungryMoth the Charmwright (Merfolk Skald)          Turns: 5658, Time: 00:30:16

Health: 0/44       AC:  5    Str: 13    XL:     6   Next: 98%
Magic:  4/9        EV: 14    Int: 12    God:
Gold:   203        SH:  3    Dex: 14    Spells: 1/9 levels left

rFire    x . .     SeeInvis .   a - +0 spear
rCold    + + .     Gourm    .   (no shield)
rNeg     . . .     Faith    .   b - +0 leather armour
rPois    .         Spirit   .   o - +1 helmet
rElec    .         Reflect  +   (no cloak)
rCorr    .         Harm     .   (no gloves)
MR       .....                  (no boots)
Stlth    +.........             q - +3 amulet of reflection
HPRegen  0.14/turn              e - ring of ice
MPRegen  0.11/turn              s - ring of protection from cold

@: no status effects
A: change form in water, swift swim, stealthy swim
a: no special abilities


You were on level 3 of the Dungeon.
You were near starving.

You visited 1 branch of the dungeon, and saw 4 of its levels.

You collected 203 gold pieces.

Inventory:

Hand Weapons
 a - a +0 spear (weapon)
Missiles
 u - a throwing net (quivered)
Armour
 b - a +0 leather armour (worn)
 n - a +0 robe
 o - a +1 helmet (worn)
Jewellery
 e - a ring of ice (left hand)
 q - a +3 amulet of reflection (around neck)
 s - a ring of protection from cold (right hand)
 t - an uncursed amulet of the gourmand
 w - an uncursed ring of ice
Scrolls
 c - a scroll of fear {unknown}
 g - 2 scrolls of teleportation {unknown}
 h - a scroll of magic mapping {unknown}
 j - 3 scrolls of remove curse
 k - 2 scrolls of enchant armour {unknown}
 l - 2 scrolls of amnesia {unknown}
 r - 2 scrolls of fog {unknown}
 v - a scroll of identify
Potions
 f - a potion of brilliance
 i - 3 potions of resistance
 m - a potion of haste {unknown}
Comestibles
 d - 8 rations


   Skills:
 - Level 2.1 Fighting
 - Level 3.0 Polearms
 * Level 3.9 Armour
 - Level 4.5 Dodging
 - Level 0.3 Stealth
 - Level 2.0 Spellcasting
 + Level 5.1 Charms


You had one spell level left.
You knew the following spells:

 Your Spells              Type           Power        Failure   Level  Hunger
a - Infusion              Chrm           ##..         4%          1    ##.....
b - Song of Slaying       Chrm           ##......     6%          2    ###....
c - Shroud of Golubria    Chrm/Tloc      #.........   19%         2    ###....
d - Regeneration          Chrm/Necr      #.........   34%         3    ####...

Your spell library contained the following spells:

 Spells                   Type           Power        Failure   Level  Hunger
 Spectral Weapon          Hex/Chrm       #.......     34%         3    ####...


Dungeon Overview and Level Annotations

Branches:
Dungeon (4/15)
 Temple: D:4-7

Altars:
Fedhas

Annotations:
D:3 Pikel
D:4 1 runed door


Message History

Pikel freezes you.
* * * LOW HITPOINT WARNING * * *
You completely miss Pikel.
Pikel is almost dead.
Pikel barely misses you.
You hit Pikel but do no damage.
Pikel is almost dead.
Pikel hits you with a whip of freezing.
* * * LOW HITPOINT WARNING * * *
You closely miss Pikel.
Pikel is almost dead.
Pikel barely misses you.
You hit Pikel but do no damage.
Pikel is almost dead.
Pikel hits you with a whip of freezing.
* * * LOW HITPOINT WARNING * * *
You barely miss Pikel.
Pikel is almost dead.
Pikel hits you with a whip of freezing.
You die...

#...########...##...#######....#
#.### #...##...# #..(.#
#.##########...##...# #....#
#..............##...# #....#
#..............##...# #....#
#............######## #....#
#............# #....#
#............###################
#..............@K.........#
#.##########..............# #.#
#............).# #.#
#..........#####
##.##########..........#
.......................#
##.##########..........# ######
#.# #..........# #..... #.#
#..........# #.....


You could see Pikel.

Vanquished Creatures
  2 ogres (D:4)
  A bullfrog skeleton (D:4)
  An orc priest (D:3)
  2 worker ants (D:4)
  6 adders
  A shadow imp (D:3)
  A worm (D:3)
  2 dart slugs
  A leopard gecko (D:3)
  13 orcs
  A ball python (D:1)
  11 bats
  2 giant cockroaches
  8 hobgoblins
  6 jackals
  A ball python skeleton (D:4)
  2 frilled lizards
  6 goblins
  10 kobolds
  A leopard gecko skeleton (D:4)
  2 rats (D:2)
80 creatures vanquished.

Notes
Turn   | Place    | Note
-------+----------+-------------------------------------------
     0 | D:1      | HungryMoth the Merfolk Skald began the quest for the Orb.
     0 | D:1      | Reached XP level 1. HP: 16/16 MP: 3/3
   410 | D:1      | Reached XP level 2. HP: 6/22 MP: 0/5
   704 | D:1      | Reached skill level 1 in Armour
  1137 | D:1      | Reached XP level 3. HP: 20/27 MP: 6/6
  1311 | D:1      | Reached skill level 4 in Charms
  1439 | D:1      | Learned a level 2 spell: Song of Slaying
  1442 | D:1      | Learned a level 2 spell: Shroud of Golubria
  2209 | D:2      | You fall through a shaft!
  2300 | D:2      | Reached XP level 4. HP: 33/33 MP: 7/7
  2728 | D:3      | Reached XP level 5. HP: 18/38 MP: 1/8
  4354 | D:4      | Learned a level 3 spell: Regeneration
  4574 | D:4      | Noticed an ogre
  4584 | D:4      | Killed an ogre
  4584 | D:4      | Reached XP level 6. HP: 44/44 MP: 9/9
  4876 | D:4      | Reached skill level 5 in Charms
  5442 | D:4      | Found a blossoming altar of Fedhas.
  5476 | D:4      | Found a runed door.
  5476 | D:4      | Noticed a slave
  5476 | D:4      | Noticed a slave
  5476 | D:4      | Noticed a slave
  5481 | D:4      | Noticed Pikel
  5508 | D:4      | Noticed a slave
  5658 | D:3      | Slain by Pikel

Vault maps used:
D:1:      lemuel_arrival_behind_the_door_small, minmay_close_crescents
D:4:      fedhas_altar_2, first_ration, ebering_ghost_reflecting_pool,
          uniq_pikel

Skill      XL: |  1  2  3  4  5  6 |
---------------+-------------------+-----
Armour         | 1 2 3 |  3.9
Dodging        | 3 4 |  4.5
Charms         | 4 5 |  5.1
Fighting       | |  2.1
Polearms       | |  3.0
Stealth        | |  0.3
Spellcasting   | |  2.0

Action                   |  1- 3 |  4- 6 || total
-------------------------+-------+-------++-------
Melee: Spear             |   158 |   364 ||   522
Throw: Throwing net      |       |     3 ||     3
 Cast: Infusion          |     2 |     5 ||     7
       Shroud of Golubri |       |     5 ||     5
       Song of Slaying   |       |     2 ||     2
       Regeneration      |       |     1 ||     1
  Use: Scroll            |     4 |     1 ||     5
       Potion            |       |     5 ||     5
 Stab: Sleeping          |     4 |     1 ||     5
       Held in net/web   |       |     1 ||     1
  Eat: Chunk             |     4 |    11 ||    15
Armor: Leather armour    |    20 |    23 ||    43
       Robe              |    12 |    24 ||    36
Dodge: Dodged            |    89 |   174 ||   263
Block: Other             |     3 |    28 ||    31

Table legend:
 A = Spawn XP
 B = Non-spawn XP
 C = Spawn XP percentage of total XP
 D = Spawn monster count
 E = Non-spawn monster count
 F = Spawn count percentage of total count
 G = Total turns spent on level
                    A         B        C        D         E        F      G
               +---------+---------+-------+---------+---------+-------+---------
         Total |       0 |     612 |   0.0 |       0 |      80 |   0.0 |  5658
               +---------+---------+-------+---------+---------+-------+---------
           D:1 |       0 |      46 |   0.0 |       0 |      26 |   0.0 |  1668
           D:2 |       0 |      38 |   0.0 |       0 |      10 |   0.0 |   694
           D:3 |       0 |     166 |   0.0 |       0 |      30 |   0.0 |  1966
           D:4 |       0 |     362 |   0.0 |       0 |      14 |   0.0 |  1330
               +---------+---------+-------+---------+---------+-------+---------
